 Dungeon Crawl Stone Soup version 0.26.1-11-gd32895ea62 (webtiles) character file.

Game seed: 17983267795767709948

259 Zeld the Sneak (level 6, -2/39 HPs)
             Began as an Octopode Brigand on May 14, 2021.
             Slain by a hound (3 damage)
             ... on level 5 of the Dungeon.
             The game lasted 00:04:21 (3557 turns).

Zeld the Sneak (Octopode Brigand)                   Turns: 3557, Time: 00:04:22

Health: -2/39      AC:  1    Str: 13    XL:     6   Next: 17%
Magic:  10/10      EV: 13    Int: 13    God:
Gold:   156        SH:  0    Dex: 13    Spells: 10/10 levels left

rFire    . . .     SeeInvis .   a - +2 dagger
rCold    . . .     Faith    .   (no shield)
rNeg     . . .     Spirit   .   (helmet restricted)
rPois    .         Reflect  .   (no amulet)
rElec    .         Harm     .   (no ring)
rCorr    .         Rampage  .   (no ring)
Will     .....                  (no ring)
Stlth    ++++......             (no ring)
HPRegen  0.13/turn              (no ring)
MPRegen  0.12/turn              (no ring)
                                (no ring)
                                (no ring)

@: no status effects
A: almost no armour, stealthy swim, amphibious, 8 rings, constrict 8, camouflage
1, gelatinous body 1
a: no special abilities


You were on level 5 of the Dungeon.
You visited 1 branch of the dungeon, and saw 5 of its levels.

You collected 156 gold pieces.

Inventory:

Hand Weapons
 a - a +2 dagger (weapon)
Missiles
 b - 11 poisoned darts (quivered)
 c - 2 curare-tipped darts
Jewellery
 j - a +4 ring of slaying {unknown}
 r - an uncursed ring of protection from cold {unknown}
Scrolls
 f - 2 scrolls of immolation {unknown}
 g - 2 scrolls of teleportation {unknown}
 l - 2 scrolls of fog {unknown}
 m - 2 scrolls of remove curse {unknown}
 n - a scroll of enchant weapon {unknown}
 p - a scroll of identify {unknown}
 q - a scroll of magic mapping {unknown}
Potions
 d - a potion of degeneration {unknown}
 e - 6 potions of heal wounds {unknown}
 h - a potion of cancellation {unknown}
 i - 2 potions of curing {unknown}
 k - 2 potions of resistance {unknown}
 o - a potion of magic {unknown}


   Skills:
 - Level 2.0 Fighting
 - Level 2.0 Short Blades
 * Level 5.3 Throwing
 - Level 1.0 Dodging
 - Level 5.3 Stealth
 + Level 2.8 Spellcasting


You had 10 spell levels left.
You didn't know any spells.
Your spell library was empty.

Dungeon Overview and Level Annotations

Branches:
Dungeon (5/15)
 Temple: D:4-7

Altars:

Annotations:
D:5 Menkaure


Innate Abilities, Weirdness & Mutations

You cannot wear most types of armour.
You are very stealthy in the water. (Stealth+)
You are amphibious.
You can wear up to eight rings at the same time.
You can use your tentacles to constrict eight enemies at once.
Your skin changes colour to match your surroundings (Stealth+).
Your rubbery body absorbs attacks. (AC +1, EV +1)


Message History

You constrict the human skeleton. The human skeleton hits you.
* * * LOW HITPOINT WARNING * * *
The gnoll closely misses you. The hound bites you.
* * * LOW HITPOINT WARNING * * *
You hit the human skeleton.
The human skeleton is moderately damaged.
You constrict the human skeleton. The giant cockroach closely misses you.
The hound closely misses you. The human skeleton misses you.
The gnoll closely misses you.
Unknown command.
Okay, then.
You hit the human skeleton. You squeeze the human skeleton.
The human skeleton is heavily damaged.
You constrict the human skeleton. The hound misses you.
The giant cockroach bites you.
* * * LOW HITPOINT WARNING * * *
The human skeleton hits you.
* * * LOW HITPOINT WARNING * * *
The hound bites you.
You die...

#........ #.........
#......... ###
#......... #.+
#......... . #.#
#......... ... #Z#
#.........
.....#@#######g........
##..Bhg#..g.Mg.......
#...Mgg>######.......
#..##....####........
.)... ##..........".#..
..... ##....####...(##
..... ...### ##.....
####. ..## #..... .##
#...##


You could see Menkaure (fast), a hound, 3 gnolls, a giant cockroach and a human
skeleton.

Vanquished Creatures
  A water moccasin skeleton (D:4)
  A hound (D:5)
  A worker ant (D:4)
  Robin (D:2)
  7 adders
  2 oozes
  2 worms
  3 dart slugs
  A leopard gecko (D:5)
  2 orcs (D:4)
  7 bats
  4 giant cockroaches
  13 goblins
  6 hobgoblins
  7 kobolds
  2 frilled lizards
  A quokka skeleton (D:3)
  5 rats
66 creatures vanquished.

Vanquished Creatures (others)
  A fungus (D:3)
  11 plants
12 creatures vanquished.

Grand Total: 78 creatures vanquished

Notes
Turn   | Place    | Note
-------+----------+-------------------------------------------
     0 | D:1      | Zeld the Octopode Brigand began the quest for the Orb.
     0 | D:1      | Reached XP level 1. HP: 14/14 MP: 1/1
    52 | D:1      | Reached XP level 2. HP: 16/19 MP: 2/2
   436 | D:1      | Reached skill level 1 in Spellcasting
   695 | D:1      | Reached XP level 3. HP: 24/24 MP: 4/4
  1182 | D:2      | Noticed Robin
  1191 | D:2      | Killed Robin
  1220 | D:2      | Reached XP level 4. HP: 6/29 MP: 6/6
  1453 | D:3      | Noticed an ogre
  2188 | D:4      | Reached XP level 5. HP: 19/34 MP: 6/8
  2960 | D:4      | Reached skill level 5 in Throwing
  3338 | D:5      | Entered Level 5 of the Dungeon
  3347 | D:5      | Reached XP level 6. HP: 39/39 MP: 8/10
  3537 | D:5      | Noticed Menkaure
  3557 | D:5      | HP: 1/39 [human skeleton (5)]
  3557 | D:5      | Slain by a hound

Illustrated notes

Levels and vault maps discovered:
D:1:      lightli_arrival_statuegarden, layout_basic, serial_forest,
          infiniplex_forest_corner_1, infiniplex_forest_diagonal,
          infiniplex_forest_straight_4, infiniplex_forest_lined_3,
          infiniplex_forest_straight_4, infiniplex_forest_lined_3,
          infiniplex_forest_lined_room_2, infiniplex_forest_straight_2,
          corexii_item_surrounded_by_moat, nrook_campfire
D:2:      layout_loops_ring, minmay_octomino_c4, uniq_jessica, uniq_sigmund,
          uniq_robin
D:3:      layout_loops_ring, nicolae_ru_the_path_less_chosen,
          wad_floor_pattern_untrapped
D:4:      layout_rooms
D:5:      layout_layer_cave, temple_fountains, nicolae_ossuary_entry_catacombs,
          kennysheep_generic_room_5, uniq_menkaure, uniq_grinder

Skill      XL: |  1  2  3  4  5 |
---------------+----------------+-----
Spellcasting   | 1 2 |  2.8
Throwing       | 3 4 5 |  5.3
Fighting       | |  2.0
Short Blades   | |  2.0
Dodging        | |  1.0
Stealth        | |  5.3

Action                   |  1- 3 |  4- 6 || total
-------------------------+-------+-------++-------
Melee: Dagger            |    56 |    84 ||   140
       Constrict         |    14 |    16 ||    30
       Tentacles         |     9 |    13 ||    22
 Stab: Sleeping          |    16 |    10 ||    26
       Distracted        |     1 |     1 ||     2
Armor: Skin              |     3 |     3 ||     6
Dodge: Dodged            |    20 |    55 ||    75
